 Dungeon Crawl Stone Soup version 0.30.1-9-gdf580d7c3d (webtiles) character file.

Game seed: 7283799707209989059

3862 Kranky the Fighter (level 10, -12/82 HPs)
             Began as a Gnoll Wanderer on Oct 6, 2023.
             Was an Elder of Okawaru.
             Killed by vampiric draining
             ... invoked by a vampire
              (21 damage)
             ... on level 8 of the Dungeon on Oct 7, 2023.
             The game lasted 00:20:40 (10599 turns).

Kranky the Fighter (Gnoll Wanderer)                Turns: 10599, Time: 00:20:40

Health: -12/82     AC: 17    Str: 14    XL:     10   Next: 18%
Magic:  18/19      EV: 12    Int: 14    God:    Okawaru [****..]
Gold:   61         SH:  6    Dex: 11    Spells: 18/21 levels left

rFire   . . .        q - +1 demon blade (vamp)
rCold   . . .        l - +0 buckler
rNeg    . . .        b - +1 scale mail
rPois   .            u - +0 helmet
rElec   .            r - scarf {+Inv}
rCorr   .            (no gloves)
SInv    .            f - +0 pair of boots "Fegakhli" {Will+ Slay+3}
Will    +....        (no amulet)
Stlth   +++          F - +4 ring of protection
HPRegen 0.33/turn    D - ring of wizardry
MPRegen 0.16/turn

%: wizardry (x1)
@: heroic
A: fangs 1, strong nose, distributed training
a: Renounce Religion, Evoke Invisibility, Heroism, Finesse


You were on level 8 of the Dungeon.
You worshipped Okawaru.
Okawaru was greatly pleased with you.
You visited 2 branches of the dungeon, and saw 10 of its levels.
You also visited: Sewer and Ossuary.

You collected 337 gold pieces.
You spent 276 gold pieces at shops.

Inventory:

Hand Weapons
 a - a +0 quarterstaff
 m - a +0 spear
 p - a +2 hand axe
 q - a +1 vampiric demon blade (weapon)
Armour
 b - a +1 scale mail (worn)
 f - the +0 pair of boots "Fegakhli" (worn) {Will+ Slay+3}
   (You found it on level 7 of the Dungeon)

   Slay:      It affects your accuracy & damage with ranged weapons and melee
   (+3).
   Will:      It increases your willpower.
 l - a +0 buckler (worn)
 r - a scarf of invisibility (worn)
 u - a +0 helmet (worn)
Jewellery
 D - a ring of wizardry (right hand)
 F - a +4 ring of protection (left hand)
Wands
 o - a wand of flame (67)
Scrolls
 d - 5 scrolls of identify
 s - a scroll of teleportation
 t - 3 scrolls of poison
 y - 2 scrolls of enchant weapon
 z - 2 scrolls of magic mapping
 A - 2 scrolls of blinking
 B - a scroll of brand weapon
 C - a scroll of enchant armour
Potions
 c - 2 potions of lignification
 e - 4 potions of haste
 g - a potion of berserk rage
 h - 5 potions of curing
 i - 6 potions of flight
 j - 3 potions of heal wounds
 k - a potion of might
 n - a potion of cancellation {unknown}
 v - a potion of mutation
 x - a potion of magic


   Skills:
 + Level 8.5(13.5) Fighting
 + Level 5.2(10.2) Short Blades
 + Level 5.2(10.2) Long Blades
 + Level 5.2(10.2) Axes
 + Level 5.2(10.2) Maces & Flails
 + Level 5.2(10.2) Polearms
 + Level 5.9(10.9) Staves
 + Level 5.2(10.2) Ranged Weapons
 + Level 5.2(10.2) Throwing
 + Level 7.0(12.0) Armour
 + Level 5.9(10.9) Dodging
 + Level 5.2(10.2) Stealth
 + Level 5.2(10.2) Shields
 + Level 5.2(10.2) Unarmed Combat
 + Level 6.0 Spellcasting
 + Level 4.3 Conjurations
 + Level 4.3 Hexes
 + Level 4.3 Summonings
 + Level 4.3 Necromancy
 + Level 4.3 Translocations
 + Level 5.8 Transmutations
 + Level 4.3 Fire Magic
 + Level 4.3 Ice Magic
 + Level 4.3 Air Magic
 + Level 4.3 Earth Magic
 + Level 4.3 Poison Magic
 + Level 5.7 Invocations
 + Level 5.2 Evocations


You had 18 spell levels left.
You knew the following spells:

 Your Spells              Type           Power      Damage    Failure   Level
a - Vhi's Electric Charg  Tloc/Air       32%        N/A       12%         3

Your spell library contained the following spells:

 Spells                   Type           Power      Damage    Failure   Level
 Beastly Appendage        Tmut           40%        N/A       2%          1
 Sting                    Tmut/Pois      72%        1d6       2%          1
 Magic Dart               Conj           64%        1d6       4%          1
 Scorch                   Fire           32%        2d6       6%          2
 Ignite Poison            Fire/Tmut/Pois 17%        N/A       10%         3
 Inner Flame              Hex/Fire       16%        N/A       12%         3
 Mephitic Cloud           Conj/Pois/Air  16%        N/A       12%         3
 Volatile Blastmotes      Fire/Tloc      32%        2d12      12%         3
 Flame Wave               Conj/Fire      16%        2d7       34%         4
 Fulminant Prism          Conj/Hex       8%         3d7       34%         4
 Iskenderun's Mystic Bla  Conj/Tloc      16%        2d5       34%         4
 Sticky Flame             Conj/Fire      16%        2d4       34%         4
 Arcjolt                  Conj/Air       8%         1d18      69%         5
 Lee's Rapid Deconstruct  Erth           8%         3d7*      69%         5
 Chain Lightning          Conj/Air       8%         3d10      100%        9
 Call Imp                 Summ           Unusable   N/A       N/A         2
 Call Canine Familiar     Summ           Unusable   N/A       N/A         3

Dungeon Overview and Level Annotations

Branches:
Dungeon (9/15)             Temple (1/1) D:4           Sewer (visited)
Ossuary (visited)
   Lair: D:8-11         Orc: D:9-12

Altars:
Ashenzari
Cheibriados
Dithmenos
Elyvilon
Gozag
Kikubaaqudgha
Nemelex Xobeh
Okawaru
Sif Muna
Trog
Uskayaw
Vehumet
Xom
Zin
The Shining One

Shops:
D:5 *[(?[   D:7 !


Innate Abilities, Weirdness & Mutations

You have very sharp teeth.
Your uncanny sense of smell can sniff out nearby items.
Your experience applies equally to all skills.


Message History

Something bites you.
* * * LOW HITPOINT WARNING * * *
Something draws strength from your injuries!
You barely miss something. Something hits you but does no damage.
Something bites you.
* * * LOW HITPOINT WARNING * * *
Something draws strength from your injuries!
You feel much better. Something hits you but does no damage.
You block something's attack.
You gain the combat prowess of a mighty hero.
Something hits you but does no damage. Something bites you but does no damage.
You closely miss something. Something hits you but does no damage.
Something bites you but does no damage.
You barely miss something. Something hits you.
Something bites you but does no damage.
You closely miss something. Your bite misses something.
You hear some strange, mumbled words.
Something tries to affect you, but you resist.
You slash something! You bite something. Something hits you but does no damage.
Something bites you.
Something draws strength from your injuries!
You slash something! You completely miss something. Something hits you!
* * * LOW HITPOINT WARNING * * *
Something bites you but does no damage.
You hit something but do no damage. Something hits you.
* * * LOW HITPOINT WARNING * * *
Something bites you.
* * * LOW HITPOINT WARNING * * *
Something draws strength from your injuries!
You hit something. Something hits you but does no damage.
Something bites you but does no damage.
You closely miss something. Something hits you.
* * * LOW HITPOINT WARNING * * *
Something bites you.
* * * LOW HITPOINT WARNING * * *
Something draws strength from your injuries!
Unknown command.
You closely miss something. Something draws life force from you!!
You die...

...........#####.##.#
##.###.#
##...#........†..##.#
##...##..
.)...###.#.##.#####.#
#.....###
##...###.#.##.#
#.#####.......#
###.......##.#
#.............#
#####.####.#
######.#####..# #.#
#.# #.# #..# ######
#.####.######## #.#
#..# )....#
#........@{...# #.#
#..# ####.#
######.######.#
#.#####..# #.# #.#
#.# #....)...# #.#
#.# #.# ######)#).
###.# #.######.#####
#.#.. #...#
#....[.......####.##.
##.###
########.###......###
.....# #.# ######## #
#.#..### #.# #


There were no monsters in sight!

Vanquished Creatures
  A hornet (D:6)
  Menkaure (D:4)
  3 water moccasins
  An orc warrior (D:9)
  A sky beast (D:6)
  2 black bears
  2 ogres
  2 centaurs
  A phantom (D:5)
  A kobold brigand (Sewer)
  3 elf zombies (Ossuary)
  5 bullfrogs
  3 scorpions
  4 wights
  4 killer bees (D:6)
  3 centaur zombies (Ossuary)
  4 jellies
  6 human zombies (Ossuary)
  5 hounds
  4 orc priests
  A gnoll bouda (D:6)
  2 sleepcaps (D:4)
  4 iguanas
  3 orc wizards
  5 mummies
  4 gnolls
  8 adders
  A river rat (Sewer)
  2 shadow imps (D:6)
  2 white imps
  2 ufetubi (D:5)
  A worm (D:2)
  2 dart slugs
  21 orcs
  8 endoplasms
  6 giant cockroaches
  7 goblins
  6 hobgoblins
  7 jackals
  6 kobolds
  9 quokkas
  5 ball pythons
  4 bats
  5 frilled lizards
  9 rats
186 creatures vanquished.

Vanquished Creatures (others)
  An orc wizard (D:5)
1 creature vanquished.

Grand Total: 187 creatures vanquished

Notes
Turn   | Place    | Note
-------+----------+-------------------------------------------
     0 | D:1      | Kranky the Gnoll Wanderer began the quest for the Orb.
     0 | D:1      | Kranky set off with the following items: a +0 quarterstaff,
                  | a +0 scale mail, a potion of lignification; and the
                  | following spells available to memorise: Beastly Appendage,
                  | Sting, Ignite Poison.
     0 | D:1      | Reached XP level 1. HP: 23/23 MP: 4/4
   163 | D:1      | Reached XP level 2. HP: 29/29 MP: 5/5
   303 | D:1      | Found a faded altar of an unknown god.
   683 | D:1      | Got Pirysk Doffi's Secrets of the Tesseract and Causimancy
   970 | D:2      | Reached XP level 3. HP: 35/35 MP: 7/7
  1210 | D:2      | Reached skill level 1 in Invocations
  1245 | D:2      | Reached skill level 1 in Short Blades
  1245 | D:2      | Reached skill level 1 in Long Blades
  1245 | D:2      | Reached skill level 1 in Axes
  1245 | D:2      | Reached skill level 1 in Maces & Flails
  1245 | D:2      | Reached skill level 1 in Polearms
  1245 | D:2      | Reached skill level 1 in Ranged Weapons
  1245 | D:2      | Reached skill level 1 in Throwing
  1245 | D:2      | Reached skill level 1 in Stealth
  1245 | D:2      | Reached skill level 1 in Shields
  1245 | D:2      | Reached skill level 1 in Unarmed Combat
  1245 | D:2      | Reached skill level 1 in Evocations
  1395 | D:2      | Reached XP level 4. HP: 41/41 MP: 8/8
  2079 | D:3      | Found a shimmering blue altar of Sif Muna.
  2197 | D:3      | Found a bloodstained altar of Trog.
  2214 | D:3      | Reached skill level 1 in Conjurations
  2214 | D:3      | Reached skill level 1 in Hexes
  2214 | D:3      | Reached skill level 1 in Summonings
  2214 | D:3      | Reached skill level 1 in Necromancy
  2214 | D:3      | Reached skill level 1 in Translocations
  2214 | D:3      | Reached skill level 1 in Fire Magic
  2214 | D:3      | Reached skill level 1 in Ice Magic
  2214 | D:3      | Reached skill level 1 in Air Magic
  2214 | D:3      | Reached skill level 1 in Earth Magic
  2214 | D:3      | Reached skill level 1 in Poison Magic
  3026 | D:3      | Found a shadowy altar of Dithmenos.
  3165 | D:4      | Noticed Menkaure
  3176 | D:4      | Killed Menkaure
  3177 | D:4      | Reached XP level 5. HP: 22/47 MP: 8/10
  3179 | D:4      | Reached XP level 6. HP: 25/53 MP: 8/11
  3283 | D:4      | Found a staircase to the Ecumenical Temple.
  3328 | D:4      | Reached skill level 5 in Armour
  3408 | D:4      | Found a glowing drain.
  3443 | Sewer    | Entered a sewer
  3579 | Sewer    | Found a white marble altar of Elyvilon.
  3817 | Temple   | Entered the Ecumenical Temple
  3855 | Temple   | Became a worshipper of Warmaster Okawaru
  3897 | D:4      | Found a hide-covered altar of Uskayaw.
  3910 | D:4      | Reached skill level 7 in Fighting
  3910 | D:4      | Reached XP level 7. HP: 43/60 MP: 12/12
  4320 | D:4      | Found a snail-covered altar of Cheibriados.
  4542 | D:5      | Entered Level 5 of the Dungeon
  4552 | D:5      | Found a sand-covered staircase.
  4566 | Ossuary  | Entered an ossuary
  4623 | Ossuary  | Reached * piety under Okawaru
  4792 | Ossuary  | HP: 2/60 [elf zombie (2)]
  4808 | Ossuary  | Reached XP level 8. HP: 18/67 MP: 14/14
  5073 | Ossuary  | Reached ** piety under Okawaru
  5369 | D:5      | Found Irutiuty's Magic Scroll Shop.
  5531 | D:5      | Found Ynuunigg's Weapon Emporium.
  5617 | D:5      | Reached skill level 5 in Transmutations
  5686 | D:5      | Found Foguraum's General Store.
  5779 | D:5      | Bought a scroll of blinking for 75 gold pieces
  5779 | D:5      | Bought a scroll of magic mapping for 75 gold pieces
  6010 | D:5      | Found Erarche's Antique Armour Shop.
  6276 | D:5      | Found Kouvyq's Armour Boutique.
  6454 | D:5      | Reached XP level 9. HP: 10/66 MP: 16/16
  6721 | D:6      | Got Inliank's Papyrus of Generation and Lightning
  6737 | D:6      | Found a broken altar of Ashenzari.
  6970 | D:6      | HP: 3/69 [white imp/puff of frost (7)]
  6976 | D:6      | Reached skill level 5 in Spellcasting
  6977 | D:6      | HP: 3/72 [white imp/puff of frost (12)]
  6978 | D:6      | HP: 1/72 [white imp (2)]
  7425 | D:6      | Reached skill level 5 in Staves
  7425 | D:6      | Reached skill level 5 in Dodging
  7724 | D:6      | Found a glowing golden altar of the Shining One.
  7811 | D:6      | Reached *** piety under Okawaru
  8193 | D:6      | Learned a level 3 spell: Vhi's Electric Charge
  8221 | D:6      | Reached skill level 8 in Fighting
  8428 | D:6      | Reached skill level 5 in Invocations
  8564 | D:7      | Noticed a hornet
  8735 | D:6      | HP: 1/59 [hornet (13)]
  8736 | D:6      | Killed a hornet
  9058 | D:7      | Identified the +0 pair of boots "Fegakhli" {Will+ Slay+3}
  9278 | D:7      | Identified the +1 robe of Gaqyuf {rElec Will- Str+4
                  | Archmagi}
  9574 | D:7      | Found Pegucau's Distillery.
  9581 | D:7      | Bought 3 potions of curing for 126 gold pieces
  9644 | D:8      | Reached **** piety under Okawaru
  9645 | D:8      | Reached skill level 5 in Short Blades
  9645 | D:8      | Reached skill level 5 in Long Blades
  9645 | D:8      | Reached skill level 5 in Axes
  9645 | D:8      | Reached skill level 5 in Maces & Flails
  9645 | D:8      | Reached skill level 5 in Polearms
  9645 | D:8      | Reached skill level 5 in Ranged Weapons
  9645 | D:8      | Reached skill level 5 in Throwing
  9645 | D:8      | Reached skill level 5 in Stealth
  9645 | D:8      | Reached skill level 5 in Shields
  9645 | D:8      | Reached skill level 5 in Unarmed Combat
  9645 | D:8      | Reached skill level 5 in Evocations
  9645 | D:8      | Reached XP level 10. HP: 68/81 MP: 18/18
 10551 | D:9      | HP: 1/82 [vampire (7)]
 10587 | D:8      | HP: 2/82 [something (6)]
 10599 | D:8      | Killed from afar by a vampire

Illustrated notes

Levels and vault maps discovered:
D:1:      tarquinn_simple_flora_water_f, layout_basic,
          ebering_ecumenical_altar_sacrificial, minmay_tetromino_t2
D:2:      layout_basic
D:3:      layout_loops_corners, nzn_overflow_gifts_of_might_and_magic,
          nicolae_dithmenos_through_a_glass_darkly
D:4:      layout_loops_corners, eat_drink_and_be_merry_uskayaw, slow_altar_1,
          minmay_temple_entry_overgrown, gup_sewer_entry_pipe, uniq_menkaure
D:5:      layout_basic, serial_shops, shop, nicolae_shop_just_a_little_nook,
          nicolae_shop_waterfront, shop, nicolae_shop_hallway_plus,
          gup_ossuary_entry_pyramid, serial_curves, eino_curves_04,
          eino_curves_03, grunt_decor_fettered
D:6:      layout_gridville, nicolae_ashenzari_skybound,
          mainiacjoe_overflow_24_doors
D:7:      layout_loops_ring, serial_shops, nicolae_shop_rolling_square
D:8:      layout_loops_ring
D:9:      layout_basic, grunt_qazlal_clouds, minitemple, fedhas_altar_1,
          erik_lair_orcish_takeover
Temple:   nicolae_temple_ecumenical_triangle

Skill      XL: |  1  2  3  4  5  6  7  8  9 10 |
---------------+-------------------------------+-----
Invocations    | 1 2 3 4 5 |  5.7
Short Blades   | 1 2 3 5 |  5.2
Long Blades    | 1 2 3 5 |  5.2
Axes           | 1 2 3 5 |  5.2
Maces & Flails | 1 2 3 5 |  5.2
Polearms       | 1 2 3 5 |  5.2
Ranged Weapons | 1 2 3 5 |  5.2
Throwing       | 1 2 3 5 |  5.2
Stealth        | 1 2 3 5 |  5.2
Shields        | 1 2 3 5 |  5.2
Unarmed Combat | 1 2 3 5 |  5.2
Evocations     | 1 2 3 5 |  5.2
Spellcasting   | 3 4 5 6 |  6.0
Conjurations   | 1 2 3 4 |  4.3
Hexes          | 1 2 3 4 |  4.3
Summonings     | 1 2 3 4 |  4.3
Necromancy     | 1 2 3 4 |  4.3
Translocations | 1 2 3 4 |  4.3
Fire Magic     | 1 2 3 4 |  4.3
Ice Magic      | 1 2 3 4 |  4.3
Air Magic      | 1 2 3 4 |  4.3
Earth Magic    | 1 2 3 4 |  4.3
Poison Magic   | 1 2 3 4 |  4.3
Staves         | 3 4 5 |  5.9
Dodging        | 3 4 5 |  5.9
Transmutations | 4 5 |  5.8
Armour         | 5 6 7 |  7.0
Fighting       | 7 8 |  8.5

Action                     |  1- 3 |  4- 6 |  7- 9 | 10-12 || total
---------------------------+-------+-------+-------+-------++-------
  Melee: Quarterstaff      |    43 |       |       |       ||    43
         Bite              |     7 |    21 |    78 |     7 ||   113
         Spear             |    53 |    59 |       |       ||   112
         Demon blade       |       |   136 |   577 |    96 ||   809
         Hand axe          |       |    17 |       |       ||    17
 Invoke: Heroism           |       |       |       |     1 ||     1
  Evoke: Wand              |       |       |     1 |       ||     1
    Use: Scroll            |       |       |    19 |       ||    19
         Potion            |       |       |     7 |     2 ||     9
   Stab: Sleeping          |       |       |       |     1 ||     1
 Armour: Scale mail        |    37 |    99 |   348 |    79 ||   563
  Dodge: Dodged            |    31 |    80 |   336 |    37 ||   484
  Block: Buckler           |     6 |    29 |   177 |    22 ||   234
